 Dungeon Crawl Stone Soup version 0.21.0-37-g46506fa (webtiles) character file.

17487 Sumakker the Severer (level 12, -5/104 HPs)
             Began as a Minotaur Berserker on Jan 31, 2018.
             Was a High Priest of Trog.
             Slain by a gargoyle
             ... wielding a +0 dire flail
              (18 damage)
             ... in a labyrinth.
             The game lasted 00:20:10 (11810 turns).

Sumakker the Severer (Minotaur Berserker)          Turns: 11810, Time: 00:20:11

Health: -5/104     AC: 16    Str: 29    XL:     12   Next: 19%
Magic:  11/11      EV:  9    Int:  9    God:    Trog [*****.]
Gold:   795        SH:  0    Dex: 11    Spells: 11/11 levels left

rFire    . . .     SeeInvis +   y - +5 war axe (freeze) (curse)
rCold    . . .     Gourm    .   (no shield)
rNeg     . . .     Faith    .   E - +1 storm dragon scales
rPois    +         Spirit   .   (helmet restricted)
rElec    +         Reflect  .   o - +2 cloak of Lifelessness {Str+3 SInv}
rCorr    .         Harm     +   h - +0 pair of gloves
MR       ++...                  (no boots)
Stlth    ..........             x - amulet of harm
HPRegen  1.27/turn              t - ring of flight
MPRegen  0.12/turn              w - ring of poison resistance

@: brilliant, berserk cooldown, regenerating, hasted and slowed
A: retaliatory headbutt, horns 2, electricity resistance, wild magic 1,
evolution 1
a: Berserk, Trog's Hand, Brothers in Arms, Burn Spellbooks, Renounce Religion,
Evoke Flight


You were in a labyrinth.
You worshipped Trog.
Trog was extremely pleased with you.
You were very hungry.

You visited 2 branches of the dungeon, and saw 13 of its levels.
You also visited: Labyrinth.

You collected 795 gold pieces.

Inventory:

Hand Weapons
 y - a cursed +5 war axe of freezing (weapon)
 z - a +3 war axe of electrocution
Armour
 h - a +0 pair of gloves (worn)
 o - the +2 cloak of Lifelessness (worn) {Str+3 SInv}
   (You found it on level 10 of the Dungeon)

   It affects your strength (+3).
   It lets you see invisible.
 v - a +1 cloak
 E - +1 storm dragon scales (worn)
Jewellery
 t - a ring of flight (left hand)
 w - a ring of poison resistance (right hand)
 x - an amulet of harm (around neck)
 H - a cursed ring of loudness {unknown}
Wands
 b - a wand of iceblast (8)
 g - a wand of enslavement (3)
 A - a wand of acid (5)
 D - a wand of clouds (5)
Scrolls
 a - a scroll of blinking
 e - 3 scrolls of fog
 k - 12 scrolls of identify
 r - a scroll of immolation
 s - 3 scrolls of magic mapping
 C - 2 scrolls of teleportation
 F - a scroll of vulnerability {unknown}
 G - a scroll of enchant armour
 I - a scroll of amnesia {unknown}
Potions
 d - 2 potions of might {unknown}
 f - 5 potions of lignification
 i - a potion of mutation
 j - 3 potions of haste
 l - a potion of heal wounds {unknown}
 m - 2 potions of curing
 n - 2 potions of agility {unknown}
 p - 2 potions of flight {unknown}
 q - 2 potions of brilliance
 u - a potion of berserk rage {unknown}
 B - a potion of cancellation {unknown}
Comestibles
 c - 12 rations


   Skills:
 + Level 9.3 Fighting
 * Level 20.4 Axes
 - Level 2.4 Armour
 - Level 2.1 Dodging


You had 11 spell levels left.
You didn't know any spells.

Dungeon Overview and Level Annotations

Branches:
Dungeon (10/15)            Temple (0/1) D:6            Lair (3/6) D:8
  Swamp: Lair:2-4    Shoals: Lair:2-4     Snake: Lair:2-4    Spider: Lair:2-4
    Orc: D:9-12

Altars:
Cheibriados
Elyvilon
Fedhas
Makhleb
Nemelex Xobeh
Okawaru
Uskayaw
Wu Jian
Xom
Yredelemnul
Zin

Shops:
D:8 [   D:9 [}=


Innate Abilities, Weirdness & Mutations

You reflexively headbutt those who attack you in melee.
You have a pair of horns on your head.
You are resistant to electric shocks. (rElec)
Your spells are a little harder to cast, but a little more powerful.
You evolve.


Message History

* * * LOW HITPOINT WARNING * * *
Your ogre goes berserk!
You feel somewhat more hungry.
The gargoyle hurls a stone arrow at you.
The stone arrow hits you!
* * * LOW HITPOINT WARNING * * *
The gargoyle hurls a stone arrow at you.
The stone arrow hits you!
* * * LOW HITPOINT WARNING * * *
It was a potion of brilliance.
You feel clever all of a sudden.
You are feeling very hungry.
The gargoyle hits you but does no damage.
The gargoyle hurls a stone arrow at you.
The stone arrow hits your ogre.
Okay, then.
It was a potion of curing.
You feel better.
Your ogre hits the gargoyle with a giant spiked club!!
The gargoyle hits you with a dire flail!
You die...

.#. # #. #...# #
###.# # ..#.# #.
#.#.# .. #...#
#.#.#####.###.###
#.......O9......#
##.PP9@.PP).### #
....P#PPP#P........
###. #####P..#####
#P .# PP.## .9..
.#.#.# #. . .


You could see 2 gargoyles and a friendly ogre (berserk).

Vanquished Creatures
  A two-headed ogre (D:9)
  Urug (Lair:2)
  A deep elf mage (D:10)
  4 elephants (Lair:3)
  The ghost of p0werm0de the Cleaver, a novice GrCK of Cheibriados (D:6)
  A cyclops (D:10)
  Maurice (D:8)
  Joseph (D:8)
  2 gargoyles (Lab)
  5 spiny frogs
  2 komodo dragons
  A troll (D:9)
  Prince Ribbit (D:8)
  10 blink frogs
  4 hippogriffs
  A yak (D:8)
  2 wyverns
  3 basilisks
  A human (D:10)
  A hungry ghost (D:10)
  Menkaure (D:7)
  11 porcupines
  4 water moccasins
  An ice beast (D:5)
  3 black bears (D:10)
  4 orc warriors
  3 ogres
  2 necrophages
  A phantom (D:10)
  4 centaurs
  2 crocodiles
  Blork the orc (D:5)
  2 big kobolds (D:10)
  10 bullfrogs
  A wyvern zombie (D:9)
  3 scorpions
  8 killer bees (D:9)
  3 wights (D:7)
  5 howler monkeys
  An electric eel (Lair:2)
  4 crimson imps
  2 bullfrog zombies
  A quasit (D:9)
  4 hounds
  2 jellies
  7 orc priests
  Crazy Yiuf (D:3)
  A centaur skeleton (D:4)
  8 orc wizards
  A gnoll shaman (D:10)
  An iguana (D:10)
  9 worker ants
  A killer bee zombie (D:7)
  2 hound zombies
  10 gnolls
  A howler monkey skeleton (D:7)
  13 adders
  A shadow imp (D:10)
  An adder skeleton (D:9)
  5 worms
  A dart slug (D:3)
  8 leopard geckos
  36 orcs
  5 ball pythons
  8 giant cockroaches
  13 goblins
  6 hobgoblins
  8 jackals
  14 kobolds
  4 quokkas
  6 bats
  3 frilled lizards
  A giant cockroach zombie (D:6)
  2 quokka zombies
  4 rats
  A plant (Lair:3)
309 creatures vanquished.

Notes
Turn   | Place    | Note
-------+----------+-------------------------------------------
     0 | D:1      | Sumakker the Minotaur Berserker began the quest for the Orb.
     0 | D:1      | Reached XP level 1. HP: 19/19 MP: 0/0
   138 | D:1      | Reached skill level 4 in Axes
   236 | D:1      | Reached XP level 2. HP: 22/26 MP: 1/1
  1091 | D:2      | Reached skill level 5 in Axes
  1101 | D:2      | Reached XP level 3. HP: 31/31 MP: 2/2
  1328 | D:2      | Reached ** piety under Trog
  1938 | D:3      | Reached XP level 4. HP: 39/39 MP: 3/3
  1939 | D:3      | Reached skill level 6 in Axes
  2547 | D:3      | Found a runed door.
  2650 | D:3      | Noticed Crazy Yiuf
  2653 | D:3      | Killed Crazy Yiuf
  2653 | D:3      | Reached skill level 7 in Axes
  2653 | D:3      | Reached XP level 5. HP: 45/45 MP: 4/4
  2984 | D:4      | Noticed an orc warrior
  2991 | D:4      | HP: 1/67 [orc warrior/glaive (5)]
  2994 | D:4      | Killed an orc warrior
  2994 | D:4      | Reached skill level 8 in Axes
  2994 | D:4      | Reached XP level 6. HP: 3/51 MP: 5/5
  3091 | D:4      | Reached *** piety under Trog
  3091 | D:4      | Reached skill level 9 in Axes
  3838 | D:5      | Entered Level 5 of the Dungeon
  3843 | D:5      | Noticed Blork the orc
  3849 | D:5      | Killed Blork the orc
  3849 | D:5      | Reached XP level 7. HP: 57/57 MP: 6/6
  3890 | D:5      | Reached skill level 10 in Axes
  4135 | D:5      | Reached skill level 11 in Axes
  4337 | D:5      | Found a shimmering altar of Xom.
  4424 | D:5      | Found an iron altar of Okawaru.
  4546 | D:6      | Reached XP level 8. HP: 59/64 MP: 7/7
  4787 | D:6      | Found a white marble altar of Elyvilon.
  4825 | D:6      | Found a sparkling altar of Nemelex Xobeh.
  4833 | D:6      | Noticed p0werm0de's ghost (novice GrCK)
  4845 | D:6      | Reached skill level 12 in Axes
  4847 | D:6      | Killed p0werm0de's ghost
  4847 | D:6      | Reached skill level 13 in Axes
  4880 | D:6      | Found a hide-covered altar of Uskayaw.
  5212 | D:6      | Found a staircase to the Ecumenical Temple.
  5892 | D:7      | Reached XP level 9. HP: 70/70 MP: 8/8
  5922 | D:7      | Reached skill level 14 in Axes
  5952 | D:7      | Found an ornate altar of the Wu Jian Council.
  5961 | D:7      | Noticed Menkaure
  5967 | D:7      | Killed Menkaure
  5967 | D:7      | Reached **** piety under Trog
  6262 | D:7      | Found a basalt altar of Yredelemnul.
  6263 | D:7      | Found a blossoming altar of Fedhas.
  6450 | D:8      | Noticed Prince Ribbit
  6455 | D:8      | Killed Prince Ribbit
  6455 | D:8      | Reached skill level 15 in Axes
  6505 | D:8      | Found Asotyso's Antique Armour Shoppe.
  6516 | D:8      | Found a staircase to the Lair.
  6844 | D:8      | Noticed Joseph
  6854 | D:8      | Killed Joseph
  6854 | D:8      | Reached skill level 16 in Axes
  7019 | D:8      | Noticed Maurice
  7050 | D:8      | Identified the Catalogue of Gliding Transformation
  7247 | D:8      | Killed Maurice
  7247 | D:8      | Reached XP level 10. HP: 77/77 MP: 9/9
  7831 | D:9      | Found Saickis's Gadget Shop.
  7912 | D:9      | Reached ***** piety under Trog
  7957 | D:9      | Reached skill level 17 in Axes
  8069 | D:9      | Found a burning altar of Makhleb.
  8072 | D:9      | Found a glowing silver altar of Zin.
  8073 | D:9      | Noticed an angel
  8074 | D:9      | Noticed a green death
  8187 | D:9      | Found Mafoid's Jewellery Shop.
  8270 | D:9      | Noticed a two-headed ogre
  8278 | D:9      | Killed a two-headed ogre
  8850 | D:9      | Found a snail-covered altar of Cheibriados.
  8894 | D:9      | Found Ditots's Antique Armour Shoppe.
  8902 | D:9      | Reached skill level 18 in Axes
  8984 | D:10     | Entered Level 10 of the Dungeon
  9150 | D:10     | Received a gift from Trog
  9214 | D:10     | Got a dazzling cloak
  9218 | D:10     | Noticed a deep elf mage
  9223 | D:10     | Killed a deep elf mage
  9223 | D:10     | Reached skill level 5 in Fighting
  9228 | D:10     | Reached XP level 11. HP: 70/88 MP: 10/10
  9251 | D:10     | Identified the +2 cloak of Lifelessness {Str+3 SInv} (You found it on level 10 of the Dungeon)
  9879 | Lair:1   | Entered Level 1 of the Lair of Beasts
 10242 | Lair:1   | Reached skill level 19 in Axes
 10976 | Lair:2   | Noticed Urug
 10987 | Lair:2   | Killed Urug
 11372 | Lair:3   | Reached skill level 20 in Axes
 11437 | Lair:3   | Reached XP level 12. HP: 60/103 MP: 11/11
 11573 | Lair:3   | Found a labyrinth entrance.
 11583 | Lab      | Entered a labyrinth
 11805 | Lab      | Gained mutation: You are resistant to electric shocks. (rElec) [potion of mutation]
 11805 | Lab      | Gained mutation: You evolve. [potion of mutation]
 11805 | Lab      | Gained mutation: Your spells are a little harder to cast, but a little more powerful. [potion of mutation]
 11808 | Lab      | HP: 5/104 [gargoyle/stone arrow (13)]
 11810 | Lab      | Slain by a gargoyle

Skill      XL: |  1  2  3  4  5  6  7  8  9 10 11 12 |
---------------+-------------------------------------+-----
Axes           | 4 5 7 8 9 11 13 16 18 20 | 20.4
Fighting       | 5 8 9 |  9.3
Armour         | |  2.4
Dodging        | |  2.1

Action                   |  1- 3 |  4- 6 |  7- 9 | 10-12 || total
-------------------------+-------+-------+-------+-------++-------
Melee: Hand axe          |   111 |   111 |       |       ||   222
       Headbutt          |     9 |    24 |    22 |    51 ||   106
       War axe           |       |       |   164 |   320 ||   484
Invok: Berserk           |     1 |     3 |     3 |     2 ||     9
       Trog's Hand       |       |     2 |     2 |     7 ||    11
       Burn Spellbooks   |       |       |     1 |       ||     1
       Brothers in Arms  |       |       |       |     1 ||     1
  Use: Potion            |     1 |       |       |     4 ||     5
       Scroll            |       |       |    10 |       ||    10
  Eat: Chunk             |     4 |     2 |     7 |     8 ||    21
       Ration            |       |     2 |     3 |     3 ||     8
Armor: Animal skin       |     7 |       |       |       ||     7
       Skin              |     5 |       |       |       ||     5
       Ring mail         |    21 |    30 |    16 |       ||    67
       Chain mail        |       |       |    10 |       ||    10
       Storm dragon scal |       |       |    56 |   131 ||   187
Dodge: Dodged            |    72 |    53 |    69 |   125 ||   319
